 Dungeon Crawl Stone Soup version 0.28-a0-1524-ge72afd5fc6 (webtiles) character file.

Game seed: 9971651329831797963

9 psuckher the Sneak (level 2, -3/25 HPs)
             Began as a Barachi Delver on Jan 17, 2022.
             Succumbed to a scorpion's poison
             ... on level 5 of the Dungeon.
             The game lasted 00:01:29 (194 turns).

psuckher the Sneak (Barachi Delver)                  Turns: 194, Time: 00:01:29

Health: -3/25      AC:  3    Str: 13    XL:     2   Next: 16%
Magic:  2/2        EV: 12    Int: 10    God:
Gold:   0          SH:  0    Dex: 13    Spells: 1/1 levels left

rFire   . . .      SeeInvis .   a - +0 falchion
rCold   . . .      Faith    .   (no shield)
rNeg    . . .      Spirit   .   b - +0 leather armour
rPois   .          Reflect  .   (no helmet)
rElec   .          Harm     .   (no cloak)
rCorr   .          Rampage  .   (no gloves)
Will    .....                   (no boots)
Stlth   +++.......              (no amulet)
HPRegen 0.08/turn               (no ring)
MPRegen 0.08/turn               (no ring)

@: lethally poisoned (-3 -> -16), slow
A: amphibious, slowness 1, strong legs 1, +LOS
a: Hop


You were on level 5 of the Dungeon.
You visited 1 branch of the dungeon, and saw 1 of its levels.

Inventory:

Hand Weapons
 a - a +0 falchion (weapon)
Missiles
 h - 9 sling bullets
Armour
 b - a +0 leather armour (worn)
Wands
 g - a wand of digging (3)
Scrolls
 c - a scroll of fog
 d - a scroll of teleportation {unknown}
 e - a scroll of enchant weapon {unknown}
Potions
 f - a potion of haste


   Skills:
 + Level 3.7 Fighting
 + Level 2.5 Long Blades
 + Level 0.2 Armour
 + Level 2.2 Dodging
 + Level 4.8 Stealth


You had one spell level left.
You didn't know any spells.
Your spell library was empty.

Dungeon Overview and Level Annotations

Branches:
Dungeon (5/15)
 Temple: D:4-7

Altars:


Innate Abilities, Weirdness & Mutations

You are amphibious.
You cover ground slowly.
You can hop short distances.
You have an extended range of vision and can be seen from far away.


Message History

The adder bites you.
You hit the adder.
The adder is moderately wounded.
The adder bites you.
You hit the adder.
The adder is heavily wounded.
The adder barely misses you. The adder closely misses you.
You completely miss the adder.
The adder is heavily wounded.
The adder bites you.
* * * LOW HITPOINT WARNING * * *
You slash the adder!
You kill the adder!
You have reached level 2!
A hound zombie comes into view.
Found a stone staircase leading down.
An adder comes into view.
Found a stone staircase leading up.
A scorpion comes into view.
A centaur comes into view.
Found 13 stones.
Found 12 gold pieces.
The adder hisses angrily.
You drop a scroll of fear.
The scorpion stings you!
* * * LOW HITPOINT WARNING * * *
e - a scroll of fear The scorpion stings you.
* * * LOW HITPOINT WARNING * * *
As you read the scroll of fear, it crumbles to dust.
You assume a fearsome visage.
The adder looks frightened!
The scorpion looks frightened!
Found a scroll labelled WAGAUNIE NYKHLAEPU.
You see here a scroll labelled WAGAUNIE NYKHLAEPU.
e - a scroll labelled WAGAUNIE NYKHLAEPU
There are no items here.
The scorpion stings you!
* * * LOW HITPOINT WARNING * * *
You are lethally poisoned!
The scorpion poisons you! The scorpion closely misses you.
You die...

**,,,,,,,********,* *,*
,**,,,,,,,,,,,,,,,* **#.*
,**,,,*****,,****** **#...*
,,,,*** *..# **...,,* ,,,,*
#..# ##..,.#** ,#*** ##..#
########.#**.## .# ##...#
#.s......###..# .#
##....###.######......# ##
#.......#@######......##
#....>..........(...$..#
########.......#.######.......#
......<......###.######....#..#
########.(...# #..........###.#
######..#.## ##########..#..#
#.......#..# #.#...###
###.####.###.# #.#...#.. ....#
#.# #.# #.s....S.


You could see a scorpion.

Vanquished Creatures
  An adder (D:5)
1 creature vanquished.

Notes
Turn   | Place    | Note
-------+----------+-------------------------------------------
     0 | D:5      | psuckher the Barachi Delver began the quest for the Orb.
     0 | D:5      | Reached XP level 1. HP: 18/18 MP: 1/1
    21 | D:5      | Noticed a hound
   101 | D:5      | Reached XP level 2. HP: 7/25 MP: 2/2
   111 | D:5      | Noticed a scorpion
   129 | D:5      | Noticed a centaur
   193 | D:5      | HP: 1/25 [scorpion (7)]
   194 | D:5      | Succumbed to a scorpion's poison

Illustrated notes

Levels and vault maps discovered:
D:5:      layout_loops_ring, kennysheep_generic_room_16, uniq_blork_the_orc

Action                   || total
-------------------------++-------
Melee: Falchion          ||     5
  Use: Scroll            ||     2
Armor: Leather armour    ||     1
Dodge: Dodged            ||     4

Table legend: (Time is in decaauts)
 A = Elapsed time spent in this place.
 B = Non-inter-level travel time spent in this place.
 C = Inter-level travel time spent in this place.
 D = Time resting spent in this place.
 E = Time spent auto-exploring this place.
 F = Levels seen in this place.
 G = Mean time per level.
                   A        B        C        D        E       F      G
               +--------+--------+--------+--------+--------+-----+--------+
         Total |    231 |    217 |     14 |      0 |      0 |   1 |  231.0 |
       Dungeon |    231 |    217 |     14 |      0 |      0 |   1 |  231.0 |
               +--------+--------+--------+--------+--------+-----+--------+

Top non-repeatable levels by time:
     D:5: 231 daAuts
